 Dungeon Crawl Stone Soup version 0.29-a0-330-g52719c12eb (webtiles) character file.

Game seed: 5011485778022234412

4685 sammy202020 the Cleaver (level 10, -1/96 HPs)
             Began as a Minotaur Berserker on Apr 12, 2022.
             Was an Elder of Trog.
             Splashed by a jelly's acid (4 damage)
             ... on level 9 of the Dungeon.
             The game lasted 00:12:02 (7555 turns).

sammy202020 the Cleaver (Minotaur Berserker)        Turns: 7555, Time: 00:12:03

Health: -1/96      AC: 20    Str: 22    XL:     10   Next: 21%
Magic:  9/9        EV:  7    Int:  8    God:    Trog [****..]
Gold:   312        SH:  8    Dex: 10    Spells: 9/9 levels left

rFire   . . .      SeeInvis +   a - +0 hand axe
rCold   . . .      Faith    .   E - +0 kite shield
rNeg    . . .      Spirit   .   o - +18 Lear's hauberk
rPois   +          Reflect  .   (helmet currently unavailable)
rElec   .          Harm     .   (no cloak)
rCorr   .          Rampage  .   (gloves currently unavailable)
Will    .....                   (boots currently unavailable)
Stlth   ..........              e - amulet of regeneration
HPRegen 1.06/turn               f - ring of see invisible
MPRegen 0.11/turn               x - ring of poison resistance

@: corroded, on berserk cooldown, slowed, very slow
A: horns 2, retaliatory headbutt
a: Renounce Religion, Berserk, Trog's Hand, Brothers in Arms


You were on level 9 of the Dungeon.
You worshipped Trog.
Trog was greatly pleased with you.
You visited 1 branch of the dungeon, and saw 9 of its levels.

You collected 312 gold pieces.

Inventory:

Hand Weapons
 a - a +0 hand axe (weapon)
 B - a +5 morningstar of freezing
Missiles
 C - 32 poisoned darts (quivered)
Armour
 d - the +0 pair of gloves of Xukynol {Dex+3}
   (You found it on level 6 of the Dungeon)

   Dex:       It affects your dexterity (+3).
 h - a +0 pair of boots
 m - a +1 plate armour
 o - the +18 Lear's hauberk (worn)
   (You found it on level 3 of the Dungeon)
 r - a +2 hat
 E - a +0 kite shield (worn)
Jewellery
 e - an amulet of regeneration (around neck)
 f - a ring of see invisible (left hand)
 k - a ring of flight
 x - a ring of poison resistance (right hand)
 y - a +4 ring of protection
 L - a +4 ring of evasion
Wands
 u - a wand of flame (13)
 H - a wand of paralysis (28)
 I - a wand of charming (4)
Scrolls
 c - 2 scrolls of vulnerability
 n - a scroll of blinking
 p - 3 scrolls of fog
 q - 3 scrolls of teleportation
 s - a scroll of enchant armour
 t - a scroll of amnesia
 z - 2 scrolls of fear
 G - a scroll of noise
 J - 2 scrolls of magic mapping
 K - a scroll of enchant weapon
Potions
 g - a potion of ambrosia
 i - 5 potions of attraction
 j - 3 potions of invisibility
 l - 2 potions of haste
 v - 2 potions of degeneration
 w - 3 potions of lignification
 A - a potion of might
 D - 4 potions of curing
 F - a potion of flight {unknown}


   Skills:
 * Level 11.6 Fighting
 * Level 11.6 Axes
 + Level 8.2 Armour
 - Level 2.1 Dodging
 + Level 3.7 Shields


You had 9 spell levels left.
You didn't know any spells.
Your spell library was empty.

Dungeon Overview and Level Annotations

Branches:
Dungeon (9/15)             Temple (0/1) D:4
   Lair: D:8-11         Orc: D:9-12

Altars:
Makhleb
Jiyva

Shops:
D:4 (


Innate Abilities, Weirdness & Mutations

You have a pair of horns on your head.
You reflexively headbutt those who attack you in melee.


Message History

You slash the large slime creature!
Your headbutt misses the large slime creature.
The large slime creature is lightly wounded.
You hit the jelly.
Your hands burn!
You block the jelly's attack.
The large slime creature hits you but does no damage.
You hit the large slime creature.
The large slime creature is moderately wounded.
You barely miss the jelly. The jelly hits you but does no damage.
The large slime creature hits you!!
The large slime creature closely misses you.
You furiously retaliate!
You headbutt the large slime creature! You block the jelly's attack.
You slash the large slime creature!
The large slime creature is moderately wounded.
You hit the jelly. The acid corrodes you!
Your hands burn!
The jelly hits you but does no damage. The large slime creature hits you!
You slash the large slime creature!
Your headbutt misses the large slime creature.
The large slime creature is heavily wounded.
You slash the jelly!
You kill the jelly!
Trog accepts your kill.
The jelly jiggles.
The large slime creature hits you but does no damage.
You slash the large slime creature!
The large slime creature is heavily wounded.
You hit the jelly.
Your hands burn!
You block the jelly's attack.
The large slime creature hits you but does no damage.
The large slime creature hits you! You block the jelly's attack.
You hit the large slime creature.
The large slime creature is heavily wounded.
You hit the jelly. The acid corrodes you!
Your hands burn!
* * * LOW HITPOINT WARNING * * *
You block the jelly's attack. The large slime creature hits you!!
* * * LOW HITPOINT WARNING * * *
You barely miss the large slime creature.
You headbutt the large slime creature!
The large slime creature is heavily wounded.
You hit the jelly.
Your hands burn!
You die...

.................##(_.##
................##..[..##
<.).............#.......#
................#.......#
................#.......#
................##.....#
................###'''##
................##.....#
.#########......@JJ....#
. ########JJ..### #
######


You could see a large slime creature and 3 jellies.

Vanquished Creatures
  The ghost of Hubris850 the Severer, a novice MiFi of Ru (D:9)
  An unseen horror (D:8)
  A hornet (D:6)
  A steam dragon (D:5)
  Menkaure (D:6)
  A water moccasin (D:6)
  4 sky beasts
  An ice beast (D:8)
  2 orc warriors (D:8)
  4 ogres
  4 centaurs
  A phantom (D:5)
  3 kobold brigands
  2 bullfrogs
  3 necrophages
  2 scorpions
  A wight (D:6)
  5 killer bees (D:6)
  3 howler monkeys
  2 hounds
  3 orc priests
  3 jellies
  3 iron imps (D:3)
  5 iguanas
  Terence (D:2)
  9 orc wizards
  11 adders
  3 shadow imps
  2 white imps
  An ufetubus (D:6)
  A worm (D:3)
  3 dart slugs
  15 orcs
  7 endoplasms
  9 giant cockroaches
  6 hobgoblins
  4 jackals (D:2)
  4 quokkas
  5 ball pythons
  4 bats
  2 frilled lizards (D:1)
  2 goblins
  21 kobolds
  4 rats
171 creatures vanquished.

Notes
Turn   | Place    | Note
-------+----------+-------------------------------------------
     0 | D:1      | sammy202020 the Minotaur Berserker began the quest for the
                  | Orb.
     0 | D:1      | Reached XP level 1. HP: 19/19 MP: 0/0
   565 | D:1      | Reached XP level 2. HP: 27/27 MP: 1/1
   592 | D:1      | You fall into a shaft and drop 1 floor!
   649 | D:2      | Noticed Terence
   657 | D:2      | Killed Terence
   658 | D:2      | Reached XP level 3. HP: 20/34 MP: 2/2
  1255 | D:2      | Reached ** piety under Trog
  1256 | D:2      | Reached XP level 4. HP: 27/41 MP: 3/3
  2022 | D:3      | Reached skill level 5 in Fighting
  2089 | D:3      | Reached skill level 5 in Axes
  2110 | D:3      | Found a burning altar of Makhleb.
  2128 | D:3      | Reached XP level 5. HP: 30/48 MP: 4/4
  2289 | D:3      | Found the +18 Lear's hauberk
  2566 | D:3      | Identified the +9 hand axe of Taxtof {pain, Str+4 Int-5
                  | Dex+3}
  2656 | D:4      | Found a staircase to the Ecumenical Temple.
  2717 | D:4      | Reached XP level 6. HP: 17/57 MP: 5/5
  3201 | D:4      | Found Yskeze's Weapon Shoppe.
  3513 | D:5      | Entered Level 5 of the Dungeon
  3566 | D:5      | Reached XP level 7. HP: 64/64 MP: 6/6
  4075 | D:5      | Noticed a steam dragon
  4085 | D:5      | Killed a steam dragon
  4086 | D:5      | Reached skill level 5 in Armour
  4871 | D:5      | Reached XP level 8. HP: 74/74 MP: 7/7
  5044 | D:6      | Noticed Menkaure
  5056 | D:6      | Killed Menkaure
  5056 | D:6      | Reached *** piety under Trog
  5065 | D:6      | Identified the +0 pair of gloves of Xukynol {Dex+3}
  5761 | D:6      | Reached XP level 9. HP: 84/84 MP: 8/8
  5793 | D:6      | Reached skill level 10 in Fighting
  5793 | D:6      | Reached skill level 10 in Axes
  5795 | D:6      | Paralysed by a hornet for 3 turns
  6460 | D:7      | Reached skill level 1 in Shields
  7091 | D:8      | Reached **** piety under Trog
  7304 | D:8      | Noticed an unseen horror
  7323 | D:8      | Killed an unseen horror
  7324 | D:8      | Reached XP level 10. HP: 96/96 MP: 9/9
  7522 | D:9      | Found a runed translucent gate.
  7522 | D:9      | Found a runed translucent gate.
  7523 | D:9      | Found a runed translucent gate.
  7524 | D:9      | Noticed Hubris850's ghost (novice MiFi)
  7526 | D:9      | Found a viscous altar of Jiyva.
  7545 | D:9      | Killed Hubris850's ghost
  7554 | D:9      | HP: 3/96 [large slime creature (25)]
  7555 | D:9      | Splashed by a jelly's acid

Illustrated notes

Levels and vault maps discovered:
D:1:      amcnicky_arrival_choice, layout_loops_ring,
          ebering_ecumenical_altar_hall
D:2:      layout_basic, uniq_terence
D:3:      layout_basic, demons_altar, grunt_ministairs_1
D:4:      layout_rooms, minmay_temple_entry_waves, serial_shops,
          nicolae_shop_behind_doors
D:5:      layout_basic, gup_sewer_entry_spiral
D:6:      layout_loops_ring, minmay_joined_circles, uniq_menkaure
D:7:      minmay_flawed_box, layout_rooms
D:8:      layout_basic
D:9:      dragon1_lemuel, layout_basic, gammafunk_ghost_ooze

Skill      XL: |  1  2  3  4  5  6  7  8  9 10 |
---------------+-------------------------------+-----
Fighting       | 4 5 6 8 9 11 | 11.6
Axes           | 4 5 6 8 9 11 | 11.6
Armour         | 3 4 5 6 7 8 |  8.2
Shields        | 3 |  3.7
Dodging        | |  2.1

Action                   |  1- 3 |  4- 6 |  7- 9 | 10-12 || total
-------------------------+-------+-------+-------+-------++-------
Melee: Hand axe          |    63 |   151 |   321 |    29 ||   564
       Headbutt          |     8 |    20 |    75 |     7 ||   110
       Punch             |       |       |     2 |       ||     2
Invok: Berserk           |       |       |     3 |     1 ||     4
       Trog's Hand       |       |       |     1 |     1 ||     2
  Use: Scroll            |       |       |    13 |     8 ||    21
Armor: Leather armour    |     6 |       |       |       ||     6
       Animal skin       |     1 |       |       |       ||     1
       Scale mail        |    20 |     8 |       |       ||    28
       Plate armour      |       |    34 |       |       ||    34
       Chain mail        |       |    49 |   230 |    18 ||   297
Dodge: Dodged            |    48 |    65 |   104 |     7 ||   224
Block: Kite shield       |       |       |    57 |    17 ||    74

Table legend: (Time is in decaauts)
 A = Elapsed time spent in this place.
 B = Non-inter-level travel time spent in this place.
 C = Inter-level travel time spent in this place.
 D = Time resting spent in this place.
 E = Time spent auto-exploring this place.
 F = Levels seen in this place.
 G = Mean time per level.
                   A        B        C        D        E       F      G
               +--------+--------+--------+--------+--------+-----+--------+
         Total |   7558 |   7113 |    445 |    366 |   5266 |   9 |  839.8 |
       Dungeon |   7558 |   7113 |    445 |    366 |   5266 |   9 |  839.8 |
               +--------+--------+--------+--------+--------+-----+--------+

Top non-repeatable levels by time:
     D:5: 1469 daAuts
     D:6: 1353 daAuts
     D:2: 1237 daAuts
     D:4: 903 daAuts
     D:3: 787 daAuts
     D:8: 614 daAuts
     D:1: 593 daAuts
     D:7: 507 daAuts
     D:9: 92 daAuts
